 Dungeon Crawl Stone Soup version 0.30-a0-358-g0d69a1922f (webtiles) character file.

Game seed: 1694826218208221495

15774 Pooter the Cleaver (level 12, -8/159 HPs)
             Began as a Minotaur Berserker on Nov 10, 2022.
             Was a Priest of Trog.
             Mangled by Jorgrun
             ... wielding a staff of earth
              (9 damage)
             ... on level 2 of the Orcish Mines on Nov 11, 2022.
             The game lasted 01:04:15 (12419 turns).

Pooter the Cleaver (Minotaur Berserker)            Turns: 12419, Time: 01:04:16

Health: -8/159     AC: 15    Str: 24    XL:     12   Next: 4%
Magic:  11/11      EV:  9    Int:  6    God:    Trog [***...]
Gold:   2577       SH:  0    Dex: 17    Spells: 11/11 levels left

rFire   + . .      SeeInvis .    a - +4 battleaxe
rCold   . . .      Faith    +    (shield currently unavailable)
rNeg    . . .      Spirit   .    q - +5 chain mail {rC+}
rPois   .          Reflect  .    (helmet restricted)
rElec   .          Harm     .    E - scarf {shadows}
rCorr   .          Rampage  .    m - +1 pair of gloves
Will    ++...                    (no boots)
Stlth   ..........               l - amulet of faith {!P}
HPRegen 1.46/turn                y - +6 ring of dexterity
MPRegen 0.12/turn                e - ring of Yleemn {Fire Stlth+}

@: berserking, about to teleport, strong-willed, regenerating, very quick
A: horns 2, retaliatory headbutt
a: Renounce Religion, Berserk, Trog's Hand


You were on level 2 of the Orcish Mines.
You worshipped Trog.
Trog was most pleased with you.
You visited 2 branches of the dungeon, and saw 12 of its levels.
You also visited: Bailey.

You collected 3371 gold pieces.
You spent 794 gold pieces at shops.

Inventory:

Hand Weapons
 a - a +4 battleaxe (weapon)
   (You took it off a wight on level 8 of the Dungeon)
 b - a +3 arbalest of flaming
   (You bought it in a shop on level 9 of the Dungeon)
 p - a +0 morningstar
   (You took it off an orc on level 4 of the Dungeon)
 D - a +1 flail of holy wrath
   (You found it on level 5 of the Dungeon)
 H - a +6 war axe
   (You took it off a wight on level 8 of the Dungeon)
 J - a +3 vorpal battleaxe
   (You took it off an orc knight on level 2 of the Orcish Mines)
 L - the +8 mace "Ylemiga" {flame, rElec rC+ rN+ Will+}
   (You found it on level 2 of the Dungeon)

   It burns those it strikes, dealing additional fire damage.
   rC:        It protects you from cold.
   rElec:     It insulates you from electricity.
   rN:        It protects you from negative energy.
   Will:      It increases your willpower.
Missiles
 h - 40 boomerangs (quivered)
 w - 5 javelins
 A - 14 poisoned darts
 F - a curare-tipped dart
 K - a silver boomerang
 Q - 124 stones
Armour
 m - a +1 pair of gloves (worn)
   (You found it on level 3 of the Dungeon)
 q - a +5 chain mail of cold resistance (worn)
   (You took it off an orc warrior on level 6 of the Dungeon)
 E - a scarf of shadows (worn)
   (You found it on level 5 of the Dungeon)
 R - a +2 cloak
   (You bought it in a shop on level 9 of the Dungeon)
Jewellery
 e - the ring of Yleemn (right hand) {Fire Stlth+}
   (You found it on level 7 of the Dungeon)

   [ring of fire]

   It enhances your fire magic.
   rF:        It protects you from fire.
   rC:        It makes you vulnerable to cold.
   Stlth:     It makes you more stealthy.
 l - an amulet of faith (around neck) {!P}
   (You found it on level 2 of the Dungeon)
 o - a ring of willpower
   (You found it on level 6 of the Dungeon)
 y - a +6 ring of dexterity (left hand)
   (You found it on level 3 of the Dungeon)
 I - a ring of protection from cold
   (You found it on level 8 of the Dungeon)
Wands
 f - a wand of flame (7)
   (You took it off a kobold on level 3 of the Dungeon)
 r - a wand of quicksilver (1)
   (You found it on level 8 of the Dungeon)
 u - a wand of paralysis (8)
   (You found it on level 4 of the Dungeon)
 C - a wand of mindburst (13)
   (You took it off Ijyb on level 5 of the Dungeon)
Scrolls
 j - a scroll of vulnerability {!r}
 k - 2 scrolls of silence
 t - 4 scrolls of teleportation {@r4}
 N - a scroll of summoning {unknown}
 P - a scroll of immolation {!r}
 S - 2 scrolls of fear {unknown}
 U - a scroll of magic mapping {unknown}
Potions
 c - a potion of ambrosia {unknown}
 d - 3 potions of flight
 g - 2 potions of haste {unknown}
 i - a potion of invisibility {unknown}
 n - 6 potions of heal wounds {@q2}
 s - 3 potions of lignification {!q}
 v - a potion of berserk rage {unknown}
 x - 2 potions of mutation {unknown}
 z - a potion of cancellation {unknown}
 B - 2 potions of attraction {unknown}
 G - 3 potions of resistance {unknown}
 T - a potion of experience {unknown}
Miscellaneous
 O - a box of beasts
   (You found it in a bailey)


   Skills:
 + Level 10.2 Fighting
 * Level 12.2(13.3) Axes
 - Level 8.6(11.6) Maces & Flails
 * Level 12.0 Ranged Weapons
 - Level 6.5 Throwing
 - Level 2.4 Armour
 - Level 2.1 Dodging
 + Level 3.4 Evocations


You had 11 spell levels left.
You didn't know any spells.
Your spell library was empty.

Dungeon Overview and Level Annotations

Branches:
Dungeon (10/15)            Temple (0/1) D:5             Orc (2/2) D:10
 Bailey (visited)
   Lair: D:8-11         Elf: Orc:2

Altars:
Ashenzari
Cheibriados
Hepliaklqana
Kikubaaqudgha
Makhleb
Okawaru
Ru
Trog
Uskayaw
Vehumet
Yredelemnul
The Shining One

Shops:
D:9 [(?[:

Annotations:
Orc:2 Jorgrun


Innate Abilities, Weirdness & Mutations

You have a pair of horns on your head.
You reflexively headbutt those who attack you in melee.


Message History

You headbutt the orc warrior!
Jorgrun points at you and mumbles some strange words.
You resist with almost no effort.
You slash Jorgrun! Your headbutt misses Jorgrun. You slash the orc!
You kill the orc!
Trog accepts your kill.
You hit the orc warrior.
A fire elemental comes into view.
The orc warrior hits you with a +0 long sword.
Jorgrun points at you and mumbles some strange words.
The iron shot hits you!!!
* * * LOW HITPOINT WARNING * * *
A fire elemental comes into view.
You hit Jorgrun but do no damage. You barely miss the orc warrior.
The orc warrior hits you with a +0 long sword!
* * * LOW HITPOINT WARNING * * *
Jorgrun hits you but does no damage.
You slice Jorgrun!! Your headbutt misses Jorgrun.
You hit the orc warrior but do no damage.
A fire elemental comes into view.
An orc comes into view. It is wielding a +0 short sword.
The orc warrior closely misses you. Jorgrun hits you with a staff of earth.
* * * LOW HITPOINT WARNING * * *
As you read the scroll of teleportation {@r4}, it crumbles to dust.
You feel strangely unstable.
The orc warrior hits you but does no damage.
Jorgrun hits you with a staff of earth!
* * * LOW HITPOINT WARNING * * *
Jorgrun shatters you.
* * * LOW HITPOINT WARNING * * *
A red film seems to cover your vision as you go berserk!
You feel yourself moving faster!
You feel mighty! The fire elemental closely misses you.
An ogre comes into view. It is wielding a +0 giant spiked club.
The orc hits you but does no damage.
The orc warrior hits you but does no damage.
Jorgrun hits you with a staff of earth!
* * * LOW HITPOINT WARNING * * *
Jorgrun shatters you!
* * * LOW HITPOINT WARNING * * *
The fire elemental hits you. The fire elemental burns you! You resist.
* * * LOW HITPOINT WARNING * * *
You miss Jorgrun. You headbutt Jorgrun! You slice the orc!!
You kill the orc!
Trog accepts your kill.
You slash the fire elemental! You closely miss the orc warrior.
The orc warrior hits you with a +0 long sword.
* * * LOW HITPOINT WARNING * * *
Jorgrun hits you but does no damage. Jorgrun shatters you!
You die...

..........#.##
°............#
...........#.##### ...
○.........##.###.##.##.
..☼.○.....#...#....##..
..°☼○○........#........
....E○E...............#
.O.oEoE#....#.#........
....Eg@....###....#....
.....).#..## ##........
....#.##...#####.......
...### ##.###.#...#....
#. ####........... .
##.##.......
#####...... ##.#......
#.........


You could see Jorgrun, 5 fire elementals, an orc warrior, an ogre and an orc.

Vanquished Creatures
  2 orc warlords
  A two-headed ogre (D:10)
  Erica (Orc:2)
  The ghost of ryw the Caller, a novice DsSu of Gozag (D:7)
  An orc high priest (Orc:1)
  An orange crystal statue (D:9)
  3 orc knights
  3 orc sorcerers (Orc:1)
  The ghost of gabagool the Destroyer, a novice DECj (D:6)
  A hornet (D:9)
  2 trolls
  A shadow (D:10)
  11 yaks (D:9)
  A wyvern (D:10)
  A steam dragon (D:8)
  A warg (Orc:2)
  2 water moccasins (D:6)
  A sky beast (D:7)
  2 ice beasts (D:7)
  21 orc warriors
  5 ogres
  3 centaurs
  A phantom (D:7)
  2 kobold brigands
  2 bullfrogs
  A gnoll sergeant (D:8)
  A scorpion (D:5)
  2 necrophages
  A wyvern zombie (D:6)
  A water moccasin zombie (D:7)
  4 wights
  A howler monkey (D:4)
  7 bullfrog zombies
  4 centaur zombies (D:7)
  A wyvern simulacrum (D:7)
  4 hounds
  A jelly (D:5)
  A human zombie (D:7)
  10 orc priests
  A bullfrog skeleton (D:6)
  3 iguanas (D:5)
  Ijyb (D:5)
  16 orc wizards
  A killer bee zombie (D:6)
  A centaur simulacrum (D:7)
  A mummy (D:7)
  3 howler monkey zombies (D:7)
  A killer bee simulacrum (D:7)
  4 gnolls (D:8)
  7 adders
  2 shadow imps
  6 white imps
  A worm (D:2)
  3 dart slugs
  50 orcs
  7 endoplasms
  3 giant cockroaches
  14 goblins
  8 hobgoblins
  4 jackals (D:1)
  24 kobolds
  3 quokkas
  9 ball pythons
  3 bats
  3 frilled lizards
  7 rats
296 creatures vanquished.

Notes
Turn   | Place    | Note
-------+----------+-------------------------------------------
     0 | D:1      | Pooter the Minotaur Berserker began the quest for the Orb.
     0 | D:1      | Reached XP level 1. HP: 19/19 MP: 0/0
    81 | D:1      | Reached skill level 1 in Ranged Weapons
    81 | D:1      | Reached XP level 2. HP: 24/27 MP: 1/1
   683 | D:1      | Reached ** piety under Trog
   702 | D:1      | Reached XP level 3. HP: 33/33 MP: 2/2
  1059 | D:2      | Identified the +8 mace "Ylemiga" {flame, rElec rC+ rN+
                  | Will+}
  1064 | D:2      | You fall into a shaft and drop 2 floors!
  1118 | D:4      | Reached skill level 1 in Maces & Flails
  1138 | D:4      | Reached XP level 4. HP: 40/40 MP: 3/3
  1181 | D:3      | Found a radiant altar of Vehumet.
  1610 | D:2      | Reached skill level 1 in Throwing
  2041 | D:3      | Found a glowing golden altar of the Shining One.
  2042 | D:3      | Found a hazy altar of Hepliaklqana.
  2562 | D:4      | Reached XP level 5. HP: 39/47 MP: 4/4
  2563 | D:4      | Reached *** piety under Trog
  2908 | D:4      | Found a sacrificial altar of Ru.
  3020 | D:4      | Found a bloodstained altar of Trog.
  3086 | D:5      | Entered Level 5 of the Dungeon
  3134 | D:5      | Noticed Ijyb
  3143 | D:5      | Killed Ijyb
  3144 | D:5      | Reached XP level 6. HP: 53/53 MP: 5/5
  3146 | D:5      | Reached skill level 5 in Axes
  3251 | D:5      | Reached skill level 5 in Fighting
  3337 | D:5      | Found a staircase to the Ecumenical Temple.
  3437 | D:5      | Reached XP level 7. HP: 41/61 MP: 6/6
  3572 | D:5      | Found a snail-covered altar of Cheibriados.
  3645 | D:5      | Found a broken altar of Ashenzari.
  3882 | D:6      | Reached skill level 5 in Ranged Weapons
  3929 | D:6      | Reached skill level 5 in Maces & Flails
  3958 | D:6      | Identified a scroll of acquirement
  3959 | D:6      | Acquired 908 gold pieces
  3998 | D:6      | Identified the +8 short sword "Zickut" {vorpal, rPois rF+}
  4073 | D:6      | Reached XP level 8. HP: 61/70 MP: 7/7
  4111 | D:6      | Found a runed translucent gate.
  4111 | D:6      | Found a runed translucent gate.
  4111 | D:6      | Found a runed translucent gate.
  4113 | D:6      | Noticed gabagool's ghost (novice DECj)
  4123 | D:6      | Killed gabagool's ghost
  4916 | D:7      | Reached XP level 9. HP: 77/78 MP: 8/8
  4935 | D:7      | Reached **** piety under Trog
  4940 | D:7      | Found a basalt altar of Yredelemnul.
  5202 | D:7      | Found a hide-covered altar of Uskayaw.
  5346 | D:7      | Noticed ryw's ghost (novice DsSu)
  5363 | D:7      | Found an ancient bone altar of Kikubaaqudgha.
  5411 | D:7      | Found a runed translucent gate.
  5411 | D:7      | Found a runed translucent gate.
  5411 | D:7      | Found a runed translucent gate.
  5588 | D:7      | Found an iron altar of Okawaru.
  5776 | D:7      | Killed ryw's ghost
  5777 | D:7      | Reached skill level 5 in Throwing
  5866 | D:7      | Got the ring of Yleemn {Fire Stlth+}
  6413 | D:8      | Found a burning altar of Makhleb.
  6424 | D:8      | Reached XP level 10. HP: 86/86 MP: 9/9
  7400 | D:9      | Found Okutuck's Book Shoppe.
  7462 | D:9      | Noticed an orange crystal statue
  7478 | D:9      | Killed an orange crystal statue
  7742 | D:9      | Found Olouf's Magic Scroll Shoppe.
  7794 | D:9      | Bought a scroll of blinking for 112 gold pieces
  7794 | D:9      | Bought a scroll of butterflies for 60 gold pieces
  7794 | D:9      | Bought a scroll of silence for 142 gold pieces
  7794 | D:9      | Bought a scroll of poison for 60 gold pieces
  7794 | D:9      | Bought a scroll of immolation for 60 gold pieces
  7819 | D:9      | Found Lynel's Antique Weapon Shop.
  7833 | D:9      | Paralysed by a hornet for 2 turns
  8066 | D:9      | Bought a glowing arbalest for 180 gold pieces
  8102 | D:9      | Found Nunweuc's Antique Armour Shoppe.
  8107 | D:9      | Bought a runed cloak for 180 gold pieces
  8236 | D:9      | Found Sitecu's Armour Emporium.
  8249 | D:9      | Reached skill level 10 in Ranged Weapons
  8499 | D:10     | Entered Level 10 of the Dungeon
  8624 | D:10     | Found a flagged portal.
  8636 | Bailey   | Entered a bailey
  8660 | Bailey   | Noticed an orc warlord
  8771 | Bailey   | Reached skill level 10 in Axes
  8789 | Bailey   | Found a runed translucent gate.
  8791 | Bailey   | Found a runed translucent gate.
  8792 | Bailey   | Found a runed translucent gate.
  8977 | Bailey   | Killed an orc warlord
  8978 | Bailey   | Reached XP level 11. HP: 65/97 MP: 10/10
  9181 | Bailey   | Acquired 1241 gold pieces
  9233 | D:10     | Found a staircase to the Orcish Mines.
  9267 | Orc:1    | Entered Level 1 of the Orcish Mines
  9267 | Orc:1    | Noticed a two-headed ogre
  9267 | Orc:1    | Noticed an orc high priest
  9814 | D:10     | Killed a two-headed ogre
  9815 | D:10     | Reached skill level 1 in Evocations
  9883 | Orc:1    | Killed an orc high priest
 10053 | Orc:2    | Entered Level 2 of the Orcish Mines
 10063 | Orc:1    | Noticed an orc warlord
 10212 | Orc:1    | Noticed an orc sorcerer
 10212 | Orc:1    | Noticed an orc knight
 10212 | Orc:1    | Noticed an orc sorcerer
 10212 | Orc:1    | Noticed an orc knight
 10216 | Orc:2    | HP: 3/97 [poisoned by an orc warrior]
 10656 | Orc:2    | Killed an orc knight
 10662 | Orc:2    | Killed an orc knight
 10881 | Orc:1    | Noticed Erica
 10881 | Orc:1    | Killed an orc sorcerer
 10925 | Orc:1    | Noticed a soul eater
 10933 | Orc:2    | Killed Erica
 10999 | Orc:1    | Killed an orc sorcerer
 11397 | Orc:1    | Noticed an orc sorcerer
 11398 | Orc:1    | Noticed a sixfirhy
 11410 | Orc:1    | Killed an orc sorcerer
 11410 | Orc:1    | Noticed an orc knight
 11426 | Orc:1    | Killed an orc knight
 11427 | Orc:1    | Reached skill level 10 in Fighting
 11838 | Orc:2    | Killed an orc warlord
 11839 | Orc:2    | Reached XP level 12. HP: 19/106 MP: 11/11
 12404 | Orc:2    | Noticed Jorgrun
 12418 | Orc:2    | HP: 7/159 [Jorgrun/staff of earth (15)]
 12419 | Orc:2    | HP: 1/159 [orc warrior/+0 long sword (4)]
 12419 | Orc:2    | Mangled by Jorgrun

Illustrated notes

Levels and vault maps discovered:
D:1:      dpeg_arrival_rhombi, layout_basic, hex_medium, dk_noncrumbling_3,
          minmay_tromino_mix6
D:2:      layout_basic
D:3:      layout_loops_cross, vehumet_altar_wand_db,
          gammafunk_temple_overflow_pools
D:4:      layout_rooms, mainiacjoe_overflow_alcove_2,
          nicolae_ru_sacrificial_ziggurat, item_on_display_a
D:5:      layout_basic, cheibriados_altar_1, nicolae_ashenzari_skybound,
          minmay_temple_entry_offerings, uniq_ijyb
D:6:      layout_gridville, ebering_ghost_rock_garden, serial_undead,
          serial_undead_d, serial_undead_d, serial_undead_d, serial_undead_a
D:7:      layout_gridville, mainiacjoe_overflow_brackets,
          lemuel_mausoleum_altar_yredelemnul, kiku_gazebo_garden_becter,
          lemuel_tele_altar, gammafunk_ghost_icy
D:8:      layout_basic, overflow_temple_1_default, minmay_misc_feat_hallway,
          dk_vineyard_3
D:9:      layout_basic, serial_shops, shop, shop, nicolae_shop_behind_doors,
          shop, nicolae_shop_hallway_plus, minivault_16, minmay_hedge_maze
D:10:     layout_irregular_city, mainiacjoe_overflow_cross_hatched,
          nicolae_overflow_crystal_walls, kennysheep_little_box, led_sif_pool,
          orc_0_dummy, enter_bailey_5, serial_co_window_serial,
          co_window_of_opportunity_a, co_window_paths_a, co_window_corner_a,
          co_window_of_opportunity_a, co_window_of_opportunity_a,
          co_window_corner_ca, co_window_of_opportunity_c, co_window_cross_3,
          co_window_of_opportunity_c, co_window_unsneaky_path_c,
          co_window_unsneaky_path_d, co_window_corner_ca, glass_columns_b,
          glass_columns_a, serial_shops, shop_statue, nrook_campfire
Orc:1:    layout_caves, uniq_erica
Orc:2:    kennysheep_orc_mage_school, layout_caves, uniq_jorgrun, uniq_azrael,
          uniq_snorg

Skill      XL: |  1  2  3  4  5  6  7  8  9 10 11 |
---------------+----------------------------------+-----
Ranged Weapons | 1 2 3 4 5 6 8 10 12 | 12.0
Axes           | 4 5 6 7 10 12 | 12.2
Fighting       | 4 5 6 7 9 10 | 10.2
Maces & Flails | 1 2 4 5 6 8 |  8.6
Throwing       | 1 2 3 4 5 6 |  6.5
Evocations     | 3 |  3.4
Armour         | |  2.4
Dodging        | |  2.1

Action                   |  1- 3 |  4- 6 |  7- 9 | 10-12 || total
-------------------------+-------+-------+-------+-------++-------
Melee: Hand axe          |    16 |       |       |       ||    16
       Short sword       |    16 |       |       |       ||    16
       Headbutt          |     4 |     6 |    29 |    42 ||    81
       Mace              |    10 |    66 |   174 |       ||   250
       Punch             |     1 |       |       |       ||     1
       War axe           |       |     5 |    20 |    33 ||    58
       Battleaxe         |       |       |       |   205 ||   205
 Fire: Sling             |    59 |    46 |     4 |       ||   109
       Arbalest          |       |       |       |    99 ||    99
Throw: Boomerang         |       |     3 |       |     1 ||     4
Invok: Berserk           |     1 |     1 |     6 |    15 ||    23
       Trog's Hand       |       |     1 |     5 |    20 ||    26
Evoke: Wand              |       |     1 |       |     3 ||     4
  Use: Scroll            |       |     3 |     7 |     9 ||    19
       Potion            |       |       |       |     3 ||     3
 Stab: Paralysed         |       |     2 |       |       ||     2
Armor: Ring mail         |    20 |     9 |       |       ||    29
       Scale mail        |       |    18 |     5 |       ||    23
       Chain mail        |       |       |    98 |   219 ||   317
Dodge: Dodged            |    31 |    27 |    57 |   206 ||   321
Block: Kite shield       |       |    21 |    78 |     8 ||   107
       Buckler           |       |     2 |       |       ||     2

Table legend: (Time is in decaauts)
 A = Elapsed time spent in this place.
 B = Non-inter-level travel time spent in this place.
 C = Inter-level travel time spent in this place.
 D = Time resting spent in this place.
 E = Time spent auto-exploring this place.
 F = Levels seen in this place.
 G = Mean time per level.
                   A        B        C        D        E       F      G
               +--------+--------+--------+--------+--------+-----+--------+
         Total |  12815 |  12525 |    290 |   4213 |   5514 |  13 |  985.8 |
       Dungeon |   9529 |   9239 |    290 |   2258 |   5088 |  10 |  952.9 |
  Orcish Mines |   2686 |   2686 |      0 |   1765 |    266 |   2 | 1343.0 |
        Bailey |    599 |    599 |      0 |    189 |    159 |   1 |  599.0 |
               +--------+--------+--------+--------+--------+-----+--------+

Top non-repeatable levels by time:
   Orc:1: 1552 daAuts
     D:9: 1473 daAuts
   Orc:2: 1134 daAuts
     D:7: 1117 daAuts
     D:8: 1107 daAuts
     D:6: 1089 daAuts
     D:1: 1016 daAuts
     D:4: 861 daAuts
    D:10: 820 daAuts
     D:3: 784 daAuts
     D:5: 780 daAuts
  Bailey: 599 daAuts
     D:2: 478 daAuts
